cohdb
Replays
Latest Replays
All Replays
Popular Replays
Top Player Replays
Match Explorer
How It Works
Community
CoH3 Stats
Reddit
Sign in to upload your games and track your stats! →
Sign in with Steam
Match 41109187
Unlisted
Match 41109187
Overview
Messages
Build Orders
End
Construct Infanterie Kompanie
Pioneer Squad
Selects Breakthrough Battlegroup
Selects Assault Grenadiers
MG 42 Machine Gun Team
Grenadier Squad
Grenadier Squad
Grenadier Squad
Infanterie Officer Quarters
Selects Breakthrough
Construct Luftwaffe Kompanie
Breakthrough
Jäger Squad
Flak 30 Anti-aircraft Gun Team
Support Elements
Breakthrough
Wirbelwind Flakpanzer
Jäger Squad
Pioneer Squad
Selects Rapid Production
Medical Bunker
Selects Blitzkrieg
Marder III M Tank Destroyer
Breakthrough
Marder III M Tank Destroyer
MG 42 Machine Gun Team
Blitzkrieg
Luftwaffe Officer Quarters
Breakthrough
MG 42 Bunker
Selects Tiger Heavy Tank
Tiger Heavy Tank
Blitzkrieg
*Mule
FeriG
Oziligath
Reakly
0
0
Comments
sign in to comment!
No comments posted yet!